AoeStats
← ♛ | Chief LeToré

Arabia

510906917Analyzed
4v4 RM · 15h ago on Oct 3, 2026· 29m 39s· 8 players
Game mode
Random Map
Map size
Large (8 player)
Population
200
Speed
Normal
Resources
Standard
Victory
Conquest
Starting age
Dark Age
Ending age
Imperial Age
RankedLock teamsTeams togetherTeam positionsShared explorationLock speedFull tech treeHidden civsTurbo modeCheats
Victory
Defeat
🇦🇷 Armenians · Argentina
966
+15
🇦🇷 Teutons · Argentina
904
+17
🇦🇷 Franks · Argentina
903
+17
🇦🇷 Huns · Argentina
897
+17
🇲🇽 Japanese · Mexico
959
-18
🇦🇷 Poles · Argentina
926
-16
🇨🇳 Huns · China
922
-16
914
-16
[Vsh]-BilShit™
0:27 Loom
9:59 Feudal Age
22:02 Castle Age
21:25 Double-Bit Axe
21:27 Horse Collar
22:58 Bloodlines
24:02 Scale Barding Armor
[Vsh]-Tutta
4:20 Loom
12:08 Feudal Age
12:15 Man-at-Arms
14:14 Long Swordsman
16:37 Scale Mail Armor
19:23 Pikeman
20:28 Arson
25:51 Castle Age
24:41 Double-Bit Axe
24:48 Gold Mining
24:48 Stone Mining
27:17 Wheelbarrow
27:17 Bow Saw
27:42 Gold Shaft Mining
26:59 Gambesons
27:14 Squires
27:32 Chain Mail Armor
27:17 Padded Archer Armor
27:08 Fletching
27:29 Forging
29:14 Hand Cart
28:48 Horse Collar
bichoTlapone
11:11 Feudal Age
10:02 Loom
11:44 Man-at-Arms
13:17 Horse Collar
18:00 Castle Age
16:10 Double-Bit Axe
17:31 Scale Barding Armor
18:20 Forging
19:22 Husbandry
23:54 Gold Mining
26:31 Bow Saw
26:45 Chain Barding Armor
27:00 Iron Casting
28:06 Iron Casting
28:21 Stone Mining
29:42 Gold Shaft Mining
[Vsh]-WinZerdo
3:56 Loom
12:06 Feudal Age
17:35 Castle Age
15:56 Double-Bit Axe
19:28 Husbandry
24:50 Scale Barding Armor
27:33 Wheelbarrow
28:50 Hand Cart
♛ | Chief LeToré
7:37 Loom
11:53 Feudal Age
20:35 Castle Age
18:48 Double-Bit Axe
18:57 Horse Collar
20:16 Forging
20:54 Scale Mail Armor
21:18 Pikeman
24:21 Fletching
27:00 Wheelbarrow
26:31 Bodkin Arrow
27:18 Chain Mail Armor
Talar Madeira
10:59 Feudal Age
9:41 Loom
13:17 Forging
17:44 Castle Age
18:19 Double-Bit Axe
19:29 Pikeman
我的队友很厉害
0:40 Loom
11:53 Feudal Age
16:40 Bloodlines
17:42 Forging
22:41 Fletching
29:32 Castle Age
理塘雪豹王
0:29 Loom
12:20 Feudal Age
12:51 Double-Bit Axe
17:28 Fletching
20:04 Castle Age
21:57 Bow Saw
21:37 Pikeman
22:18 Squires
28:29 Wheelbarrow
28:43 Horse Collar
Connection lost

Rejoining the realm…

Still unreachable

The connection could not be restored.

Session expired

The server has moved on; the page needs a fresh start.